 Dungeon Crawl Stone Soup version 0.19-a0-1637-gfc13266 (webtiles) character file.

4886 GameOver the Zephyrmancer (level 10, -1/75 HPs)
             Began as a Naga Wizard on Sept 19, 2016.
             Was a High Priest of Okawaru.
             Slain by Maurice
             ... wielding a +1 scimitar of flaming
              (16 damage)
             ... on level 10 of the Dungeon.
             The game lasted 01:04:26 (8358 turns).

GameOver the Zephyrmancer (Naga Wizard)             Turns: 8358, Time: 01:04:26

Health: -1/75      AC:  8    Str: 10    XL:     10   Next: 50%
Magic:  5/23       EV:  9    Int: 24    God:    Okawaru [*****.]
Gold:   482        SH:  3    Dex: 10    Spells: 4 memorised, 4 levels left

rFire  . . .     SeeInvis +     T - +3 morningstar (curse)
rCold  . . .     Gourm    .     E - +0 troll leather armour
rNeg   . . .     Faith    .     (no shield)
rPois  +         Spirit   .     b - +0 hat
rElec  .         Dismiss  .     z - +1 cloak
rCorr  .         Reflect  +     (no gloves)
MR     +....     Harm     .     (no barding)
Stlth  ++........               O - +3 amulet of reflection
                                L - ring of magical power
                                B - +3 ring of intelligence

@: about to teleport, very slightly contaminated, very slow
A: see invisible, deformed body, poison resistance, slowness 2, slow metabolism
1, spit poison 1, AC +3
a: Spit Poison, Heroism, Finesse, Renounce Religion


You were on level 10 of the Dungeon.
You worshipped Okawaru.
Okawaru was extremely pleased with you.
You were not hungry.

You visited 2 branches of the dungeon, and saw 11 of its levels.

You collected 482 gold pieces.

Inventory:

Hand Weapons
 J - a +0 scimitar
 T - a cursed +3 morningstar (weapon)
 U - a +2 dagger of venom
Missiles
 n - 4 tomahawks (quivered)
Armour
 b - a +0 hat (worn)
 z - a +1 cloak (worn)
 E - a +0 troll leather armour (worn)
Jewellery
 s - an uncursed amulet of dismissal {unknown}
 t - an uncursed ring of stealth
 B - a +3 ring of intelligence (left hand)
 D - an uncursed ring of protection from magic
 K - an uncursed ring of resist corrosion
 L - a ring of magical power (right hand)
 O - a +3 amulet of reflection (around neck)
Wands
 G - a wand of digging (14/24)
 S - a wand of digging (10/24)
Scrolls
 a - a scroll of fear {unknown}
 e - a scroll of torment {unknown}
 h - 5 scrolls of remove curse
 i - 2 scrolls of amnesia
 j - a scroll of identify
 m - a scroll of recharging {unknown}
 q - 2 scrolls of random uselessness {unknown}
 w - a scroll of enchant armour
 y - 2 scrolls of teleportation
 C - 2 scrolls of noise {unknown}
 N - 2 scrolls of blinking {unknown}
 R - a scroll of immolation {unknown}
Potions
 f - 2 potions of berserk rage {unknown}
 g - 3 potions of curing
 k - 2 potions of brilliance {unknown}
 o - a potion of might
 r - 4 potions of lignification
 u - 3 potions of invisibility
 v - a potion of haste
 x - a potion of mutation
 A - a potion of cancellation
 I - a potion of agility
Books
 c - a book of Minor Magic

   Spells                             Type                      Level
   a - Magic Dart                     Conjuration                  1
   b - Blink                          Translocation                2
   c - Call Imp                       Summoning                    2
   d - Repel Missiles                 Charms/Air                   2
   e - Slow                           Hexes                        2
   f - Conjure Flame                  Conjuration/Fire             3
   g - Mephitic Cloud                 Conjuration/Poison/Air       3
 H - a book of Callings

   Spells                             Type                      Level
   a - Summon Small Mammal            Summoning                    1
   b - Call Imp                       Summoning                    2
   c - Call Canine Familiar           Summoning                    3
   d - Summon Guardian Golem          Hexes/Summoning              3
   e - Summon Lightning Spire         Summoning/Air                4
   f - Summon Ice Beast               Ice/Summoning                4
 Q - a book of Debilitation

   Spells                             Type                      Level
   a - Corona                         Hexes                        1
   b - Slow                           Hexes                        2
   c - Gell's Gravitas                Hexes/Translocation          3
   d - Inner Flame                    Hexes/Fire                   3
   e - Cause Fear                     Hexes                        4
   f - Leda's Liquefaction            Hexes/Earth                  4
 Y - a book of the Dragon

   Spells                             Type                      Level
   a - Flame Tongue                   Conjuration/Fire             1
   b - Cause Fear                     Hexes                        4
   c - Bolt of Fire                   Conjuration/Fire             6
   d - Dragon Form                    Transmutation                7
   e - Dragon's Call                  Summoning                    9
 Z - a book of Air

   Spells                             Type                      Level
   a - Shock                          Conjuration/Air              1
   b - Swiftness                      Charms/Air                   2
   c - Repel Missiles                 Charms/Air                   2
   d - Static Discharge               Conjuration/Air              3
   e - Lightning Bolt                 Conjuration/Air              5
Comestibles
 d - 8 bread rations
 l - 4 meat rations
 p - 6 chunks of flesh


   Skills:
   Level 1.0(2.5) Axes
 + Level 3.7(3.8) Maces & Flails
 + Level 3.9 Armour
 - Level 1.5 Dodging
 - Level 3.0 Stealth
 - Level 3.0 Spellcasting
 - Level 5.1 Conjurations
 + Level 8.0 Summonings
 - Level 1.0 Translocations
 + Level 8.2 Air Magic
 - Level 7.0 Poison Magic


You had 4 spell levels left.
You knew the following spells:

 Your Spells              Type           Power        Failure   Level  Hunger
b - Blink                 Tloc           N/A          17%         2    ##.....
d - Mephitic Cloud        Conj/Pois/Air  #####...     2%          3    ###....
e - Summon Lightning Spi  Summ/Air       #####...     8%          4    ####...
z - Repel Missiles        Chrm/Air       ###...       4%          2    ##.....


Dungeon Overview and Level Annotations

Branches:
Dungeon (10/15)            Temple (1/1) D:5
   Lair: D:8-11         Orc: D:9-12

Altars:
Ashenzari
Cheibriados
Dithmenos
Elyvilon
Fedhas
Gozag
Hepliaklqana
Kikubaaqudgha
Makhleb
Nemelex Xobeh
Okawaru
Qazlal
Ru
Sif Muna
Trog
Uskayaw
Vehumet
Xom
Yredelemnul
Zin
The Shining One

Annotations:
D:5 p0werm0de's ghost, amateur TeWz
D:10 Maurice


Innate Abilities, Weirdness & Mutations

You cannot wear boots.
Your serpentine skin is tough. (AC +3)
You have supernaturally acute eyesight. (SInv)
Armour fits poorly on your strangely shaped body.
Your system is resistant to poisons. (rPois)
You cover ground very slowly.
You have a slow metabolism.
You can spit poison.


Message History

Unknown command.
As you read the scroll of teleportation, it crumbles to dust.
You feel strangely unstable. The centaur warrior zombie hits you.
* * * LOW HITPOINT WARNING * * *
Maurice shouts, "What's happening?!"
Unknown command.
Casting: Mephitic Cloud
Confirm with . or Enter, or press ? or * to list all spells.
You blink.
An orc priest comes into view. It is wielding a morningstar.
Maurice seems less confused.
The centaur warrior zombie closely misses you.
Maurice completely misses you. The centaur warrior zombie hits you.
* * * LOW HITPOINT WARNING * * *
Casting: Blink
Confirm with . or Enter, or press ? or * to list all spells.
You miscast Blink.
Your skin tingles.
You block the orc priest's attack.
The centaur warrior zombie barely misses you.
Maurice hits you with a scimitar of flaming!
You die...

..... ..o.. #....
#.... #####
##....##...##
#..)...#ยง)..#
#.....S#)Z@######
#......'.o@##...## #
##....o#.o.......#
#######...##....#
##### #...##....#
##...# #.........#
#.....
#........#######...#
#...##...##...##...#
#...##...##...#....#
#...#.........#....#


You could see Maurice (invisible), 2 orc priests, an orc wizard, an adder and a
centaur warrior zombie.

Vanquished Creatures
  A hippogriff (D:9)
  A spriggan (D:8)
  A black bear (D:7)
  A sky beast (D:8)
  2 orc warriors
  4 ogres
  3 centaurs
  A crocodile (D:7)
  2 bullfrogs
  2 scorpions
  A water moccasin skeleton (D:7)
  3 howler monkeys (D:8)
  8 crimson imps
  A centaur zombie (D:8)
  A quasit (D:9)
  A bullfrog zombie (D:5)
  6 orc priests
  12 orc wizards
  3 bullfrog skeletons
  2 jellies
  Terence (D:2)
  7 worker ants
  7 adders
  5 gnolls
  A shadow imp (D:7)
  An ooze (D:5)
  An adder zombie (D:5)
  6 worms
  2 dart slugs
  4 leopard geckos
  29 orcs
  A ball python (D:1)
  12 giant cockroaches
  10 goblins
  7 hobgoblins
  3 jackals (D:5)
  6 kobolds
  5 quokkas
  8 bats
  4 frilled lizards
  7 rats
183 creatures vanquished.

Vanquished Creatures (collateral kills)
  Josephine (D:9)
  Erica (D:10)
  A centaur zombie (D:9)
  A troll (D:9)
  3 wraiths
  A steam dragon (D:8)
  An orc warrior (D:9)
  A phantom (D:9)
  7 wights (D:9)
  An iguana (D:10)
  4 orc wizards
  A hound zombie (D:9)
  A worker ant zombie (D:9)
  3 orcs
27 creatures vanquished.

Vanquished Creatures (others)
  2 orcs (D:10)
  6 plants (D:6)
8 creatures vanquished.

Grand Total: 218 creatures vanquished

Notes
Turn   | Place    | Note
-------+----------+-------------------------------------------
     0 | D:1      | GameOver the Naga Wizard began the quest for the Orb.
     0 | D:1      | Reached XP level 1. HP: 15/15 MP: 4/4
   228 | D:1      | Reached XP level 2. HP: 22/22 MP: 4/6
   232 | D:1      | Learned a level 2 spell: Repel Missiles
   358 | D:1      | Found a shattered altar of Ashenzari.
   391 | D:1      | Reached XP level 3. HP: 24/28 MP: 3/7
   396 | D:1      | Learned a level 3 spell: Mephitic Cloud
   399 | D:1      | Learned a level 2 spell: Blink
   581 | D:1      | Reached skill level 1 in Poison Magic
   969 | D:2      | Found a faded altar of an unknown god.
  1022 | D:2      | Noticed Terence
  1376 | D:2      | Killed Terence
  1376 | D:2      | Reached skill level 1 in Air Magic
  1376 | D:2      | Reached XP level 4. HP: 31/36 MP: 3/8
  1646 | D:3      | Found a burning altar of Makhleb.
  1646 | D:3      | Noticed a cacodemon
  1798 | D:3      | Reached XP level 5. HP: 37/42 MP: 3/9
  2229 | D:3      | Reached XP level 6. HP: 26/49 MP: 0/10
  2896 | D:4      | Reached XP level 7. HP: 55/55 MP: 5/11
  3479 | D:5      | Entered Level 5 of the Dungeon
  3665 | D:5      | Found a staircase to the Ecumenical Temple.
  3674 | Temple   | Entered the Ecumenical Temple
  3917 | Temple   | Became a worshipper of Warmaster Okawaru
  3964 | D:5      | Reached skill level 5 in Poison Magic
  4224 | D:5      | Noticed p0werm0de's ghost (amateur TeWz)
  4273 | D:6      | Reached skill level 5 in Conjurations
  4376 | D:6      | Learned a level 4 spell: Summon Lightning Spire
  4676 | D:6      | Found a blossoming altar of Fedhas.
  4746 | D:6      | Reached XP level 8. HP: 62/62 MP: 8/12
  4749 | D:6      | Reached skill level 5 in Air Magic
  5535 | D:7      | Reached * piety under Okawaru
  5843 | D:7      | Reached ** piety under Okawaru
  5952 | D:7      | Reached XP level 9. HP: 41/68 MP: 10/13
  5976 | D:7      | Found a sacrificial altar of Ru.
  6303 | D:8      | Reached skill level 5 in Summonings
  6717 | D:8      | Reached *** piety under Okawaru
  7031 | D:9      | Reached skill level 1 in Armour
  7447 | D:9      | Reached skill level 1 in Axes
  7449 | D:9      | Reached **** piety under Okawaru
  7832 | D:9      | Reached skill level 1 in Maces & Flails
  7832 | D:9      | Reached XP level 10. HP: 54/75 MP: 14/14
  7891 | D:10     | Entered Level 10 of the Dungeon
  7898 | D:10     | Noticed Josephine
  8171 | D:9      | Killed Josephine
  8171 | D:9      | Reached ***** piety under Okawaru
  8329 | D:10     | Noticed Erica
  8332 | D:10     | Noticed Maurice
  8340 | D:10     | Killed Erica
  8358 | D:10     | Slain by Maurice

Vault maps used:
D:1:      dpeg_arrival_arbitrary_c, ashenzari_altar_1
D:2:      ecumenical_altar_2, uniq_terence
D:3:      first_bread, makhleb_altar_promises_db
D:4:      roderic_lattice_a, wad_rectangle_vault
D:5:      kennysheep_generic_room_2
D:6:      minmay_misc_feat_enclosed, fedhas_altar_decomposition
D:7:      nicolae_ru_path_of_blood
D:8:      the_bakery
D:9:      serial_glass, glass_columns_b, glass_columns_b, glass_columns_a,
          glass_columns_b, glass_columns_b, glass_columns_a
D:10:     erik_lair_dragon, uniq_erica, uniq_maurice, uniq_josephine
Temple:   nicolae_temple_the_god_donut

Skill      XL: |  1  2  3  4  5  6  7  8  9 10 |
---------------+-------------------------------+-----
Conjurations   | 2 3 4 5 |  5.1
Poison Magic   | 1 2 3 4 6 7 |  7.0
Air Magic      | 1 2 3 4 6 8 |  8.2
Summonings     | 2 4 7 8 |  8.0
Armour         | 2 3 |  3.9
Axes           | 1 |  1.0
Maces & Flails | 1 3 |  3.7
Dodging        | |  1.5
Stealth        | |  3.0
Spellcasting   | |  3.0
Translocations | |  1.0

Action                   |  1- 3 |  4- 6 |  7- 9 | 10-12 || total
-------------------------+-------+-------+-------+-------++-------
Melee: Short sword       |    16 |    14 |       |       ||    30
       Falchion          |       |    45 |     5 |       ||    50
       Rapier            |       |       |   145 |       ||   145
       Hand axe          |       |       |    27 |       ||    27
       War axe           |       |       |     9 |       ||     9
       Morningstar       |       |       |     5 |    24 ||    29
 Cast: Magic Dart        |    39 |    59 |   187 |       ||   285
       Repel Missiles    |     2 |       |     2 |       ||     4
       Mephitic Cloud    |     1 |     7 |    15 |     6 ||    29
       Summon Lightning  |       |       |    10 |     8 ||    18
       Blink             |       |       |       |     8 ||     8
 Abil: Spit Poison       |    32 |    46 |    80 |     8 ||   166
  Use: Scroll            |       |     3 |     8 |     4 ||    15
       Potion            |       |     2 |     2 |     2 ||     6
 Stab: Confused          |     2 |     2 |     4 |       ||     8
       Sleeping          |     1 |       |       |       ||     1
       Distracted        |       |       |       |     1 ||     1
  Eat: Chunk             |     3 |     8 |    17 |       ||    28
       Pizza             |       |       |     1 |       ||     1
       Beef jerky        |       |       |     1 |     1 ||     2
       Meat ration       |       |       |       |     1 ||     1
Armor: Robe              |     8 |     4 |       |       ||    12
       Leather armour    |       |     7 |    84 |    15 ||   106
       Skin              |       |     6 |       |       ||     6
       Troll leather arm |       |       |       |     6 ||     6
Dodge: Dodged            |     9 |    36 |    99 |    23 ||   167
       Deflected         |     1 |     1 |     3 |     2 ||     7
Block: Other             |       |       |     8 |     7 ||    15
       Reflection        |       |       |       |     1 ||     1
